 Dungeon Crawl Stone Soup version 0.25-a0-290-g4a1327ee3a (webtiles) character file.

Game seed: 10714471690066840814, levelgen mode: classic

8729 Borgoz the Slicer (level 11, -1/69 HPs)
             Began as a Kobold Gladiator on Dec 15, 2019.
             Was an Elder of Okawaru.
             Slain by a yak (11 damage)
             ... on level 2 of the Lair of Beasts.
             The game lasted 00:16:46 (10640 turns).

Borgoz the Slicer (Kobold Gladiator)               Turns: 10640, Time: 00:16:46

Health: -1/69      AC: 12    Str: 14    XL:     11   Next: 61%
Magic:  17/18      EV: 24    Int: 10    God:    Okawaru [****..]
Gold:   261        SH:  0    Dex: 17    Spells: 20/20 levels left

rFire    . . .     SeeInvis .   a - +2 rapier (drain)
rCold    . . .     Gourm    .   (shield restricted)
rNeg     . . .     Faith    .   v - +0 ring mail
rPois    +         Spirit   .   c - +1 helmet
rElec    .         Reflect  .   (no cloak)
rCorr    .         Harm     .   (no gloves)
MR       +....                  s - +1 pair of boots
Stlth    ++++......             (no amulet)
HPRegen  0.21/turn              q - ring of poison resistance
MPRegen  0.16/turn              z - ring of protection from magic

@: heroism
A: small, carnivore
a: Heroism, Renounce Religion


You were on level 2 of the Lair of Beasts.
You worshipped Okawaru.
Okawaru was greatly pleased with you.
You were completely stuffed.

You visited 3 branches of the dungeon, and saw 12 of its levels.

You collected 471 gold pieces.
You spent 210 gold pieces at shops.

Inventory:

Hand Weapons
 a - a +2 rapier of draining (weapon)
 b - a +2 short sword of venom
 j - a +0 rapier
 o - a +2 dagger of holy wrath
Missiles
 C - a throwing net (quivered)
Armour
 c - a +1 helmet (worn)
 s - a +1 pair of boots (worn)
 v - a +0 ring mail (worn)
Jewellery
 k - an uncursed ring of flight
 q - a ring of poison resistance (left hand)
 u - an uncursed ring of wizardry
 z - a ring of protection from magic (right hand)
 B - an uncursed ring of positive energy
 F - an uncursed ring of protection from fire
 I - an uncursed ring of protection from fire
Wands
 d - a wand of polymorph (25)
 g - a wand of iceblast (7)
 m - a wand of random effects (23)
 J - a wand of scattershot (4)
Scrolls
 n - 6 scrolls of teleportation
 t - a scroll of identify
 w - 2 scrolls of amnesia
 x - 4 scrolls of magic mapping
 y - a scroll of enchant armour
 A - a scroll of fear
 D - a scroll of remove curse
 G - a scroll of brand weapon {unknown}
 K - a scroll of blinking
Potions
 e - 2 potions of magic
 h - 2 potions of haste {unknown}
 i - a potion of lignification
 l - a potion of resistance
 p - a potion of cancellation
 r - 6 potions of curing
 E - a potion of brilliance
Comestibles
 f - 24 rations
 H - 18 chunks of flesh


   Skills:
 * Level 8.9(13.9) Fighting
 * Level 10.8(15.8) Short Blades
 - Level 2.1(7.1) Throwing
 * Level 6.3(11.3) Armour
 * Level 10.0(15.0) Dodging
 + Level 5.2(10.2) Stealth
 - Level 5.0 Spellcasting
 + Level 0.5 Invocations
 - Level 5.0 Evocations


You had 20 spell levels left.
You didn't know any spells.
Your spell library was empty.

Dungeon Overview and Level Annotations

Branches:
Dungeon (9/15)             Temple (1/1) D:7            Lair (1/6) D:9
    Orc: D:9-12

Altars:
Ashenzari
Cheibriados
Dithmenos
Elyvilon
Fedhas
Gozag
Kikubaaqudgha
Makhleb
Nemelex Xobeh
Okawaru
Qazlal
Ru
Sif Muna
Trog
Uskayaw
Vehumet
Wu Jian
Xom
Yredelemnul
Zin
The Shining One

Shops:
D:6 **:   D:9 *

Annotations:
D:3 exclusion: oklob plant


Innate Abilities, Weirdness & Mutations

You are small and have problems with some larger weapons.
You are carnivorous and can eat meat at any time.


Message History

The yak is severely wounded.
Unknown command.
You hit the yak. You drain the yak.
You kill the yak!
Okawaru accepts your kill. The yak closely misses you.
The yak barely misses you.
You puncture the yak!
The yak is moderately wounded.
You puncture the yak! You drain the yak.
The yak is severely wounded.
The yak gores you!
* * * LOW HITPOINT WARNING * * *
The yak completely misses you.
You hit the yak.
The yak is severely wounded.
You barely miss the yak.
The yak is severely wounded.
A spiny frog comes into view.
The yak gores you!
You die...

.
....................#
.
........##.........#
...................#
..#P.....#........##
.........#.......##
................#
.......#....##
....^.......#
....P...@P#
..#.P..YY$# #.P.....#
..P.......
...........
.......$....
..#>.(.......
.....F........


You could see 2 yaks and a spiny frog (wandering).

Vanquished Creatures
  A hydra (D:8)
  2 spiny frogs
  2 komodo dragons
  A hippogriff (Lair:2)
  Eustachio (D:6)
  Sigmund (D:6)
  2 wyverns (D:8)
  6 yaks
  3 hogs (D:7)
  A human (D:7)
  7 water moccasins
  3 porcupines (Lair:1)
  2 sky beasts
  A hornet zombie (D:5)
  4 ogres
  A black bear (D:6)
  3 wolves (Lair:1)
  An ice beast (D:6)
  2 centaurs
  5 crocodiles (Lair:1)
  A big kobold (D:8)
  4 bullfrogs
  A wyvern skeleton (D:6)
  A water moccasin skeleton (D:6)
  A scorpion (D:5)
  3 killer bees (D:8)
  5 wights (D:8)
  5 howler monkeys
  4 crimson imps
  A bullfrog zombie (D:8)
  2 jellies
  2 orc priests (D:4)
  5 hounds
  3 orc wizards
  A centaur skeleton (D:4)
  Jessica (D:3)
  Terence (D:2)
  5 iguanas
  4 worker ants
  A killer bee zombie (D:8)
  4 gnolls (D:6)
  13 adders
  A shadow imp (D:6)
  3 oozes
  3 worms
  5 dart slugs
  3 leopard geckos
  27 orcs
  5 ball pythons
  9 bats
  7 giant cockroaches
  7 goblins
  13 hobgoblins
  11 jackals
  4 quokkas
  3 frilled lizards
  A giant cockroach zombie (D:6)
  5 kobolds
  7 rats
231 creatures vanquished.

Vanquished Creatures (others)
  2 fungi (Lair:1)
  3 plants
5 creatures vanquished.

Grand Total: 236 creatures vanquished

Notes
Turn   | Place    | Note
-------+----------+-------------------------------------------
     0 | D:1      | Borgoz the Kobold Gladiator began the quest for the Orb.
     0 | D:1      | Reached XP level 1. HP: 12/12 MP: 1/1
    48 | D:1      | Reached XP level 2. HP: 10/18 MP: 2/2
   262 | D:1      | Reached XP level 3. HP: 19/22 MP: 3/3
   627 | D:1      | Reached skill level 1 in Stealth
  1016 | D:2      | Reached XP level 4. HP: 27/27 MP: 5/5
  1036 | D:2      | Reached skill level 1 in Armour
  1067 | D:2      | Found a burning altar of Makhleb.
  1112 | D:2      | Noticed Terence
  1125 | D:2      | Killed Terence
  1125 | D:2      | Reached skill level 1 in Spellcasting
  1133 | D:2      | Reached XP level 5. HP: 19/32 MP: 6/6
  1698 | D:2      | Found a radiant altar of Vehumet.
  2484 | D:3      | Reached skill level 5 in Short Blades
  2661 | D:3      | Found a sparkling altar of Nemelex Xobeh.
  2662 | D:3      | Found an opulent altar of Gozag.
  2662 | D:3      | Noticed Jessica
  2675 | D:3      | Killed Jessica
  2675 | D:3      | Reached XP level 6. HP: 37/37 MP: 6/8
  2705 | D:3      | Found a blossoming altar of Fedhas.
  2718 | D:3      | Noticed an oklob plant
  3078 | D:3      | Found a sparkling altar of Nemelex Xobeh.
  3598 | D:4      | Reached skill level 5 in Dodging
  4125 | D:4      | Reached skill level 1 in Evocations
  4127 | D:4      | Reached XP level 7. HP: 33/42 MP: 9/9
  4466 | D:5      | Entered Level 5 of the Dungeon
  4580 | D:5      | Reached XP level 8. HP: 17/48 MP: 11/11
  4804 | D:6      | Found Remoint's General Store.
  4837 | D:6      | Found a basalt altar of Yredelemnul.
  4840 | D:6      | Noticed Sigmund
  4856 | D:6      | Killed Sigmund
  4962 | D:6      | Found Sehogy's Book Boutique.
  5352 | D:5      | Reached skill level 5 in Fighting
  5543 | D:5      | Found the +10 Black Knight's horse barding {ponderous,
                  | rPois rN+}
  5735 | D:5      | Found a glowing silver altar of Zin.
  5997 | D:5      | Reached XP level 9. HP: 54/54 MP: 13/13
  6190 | D:6      | Noticed Eustachio
  6203 | D:6      | Killed Eustachio
  6288 | D:6      | Found Vuts's Assorted Antiques.
  6296 | D:6      | Bought a scroll of teleportation for 90 gold pieces
  6296 | D:6      | Bought 3 scrolls labeled MAZ DOATIJURR for 90 gold pieces
  6296 | D:6      | Bought a scroll labeled GECLAAV QEDOLE for 30 gold pieces
  6332 | D:6      | Found a white marble altar of Elyvilon.
  6927 | D:7      | Found a staircase to the Ecumenical Temple.
  6945 | Temple   | Entered the Ecumenical Temple
  7054 | Temple   | Became a worshipper of Warmaster Okawaru
  7348 | D:7      | Reached * piety under Okawaru
  7348 | D:7      | Reached skill level 5 in Stealth
  7365 | D:7      | Reached XP level 10. HP: 35/61 MP: 15/15
  7591 | D:7      | Found a shimmering blue altar of Sif Muna.
  7681 | D:7      | Found a sacrificial altar of Ru.
  7823 | D:7      | You fall into a shaft and drop 1 floor!
  7957 | D:8      | Found an ancient bone altar of Kikubaaqudgha.
  7986 | D:8      | Noticed a five-headed hydra
  8221 | D:8      | Found an ornate altar of the Wu Jian Council.
  8225 | D:8      | Reached ** piety under Okawaru
  8293 | D:8      | Reached skill level 5 in Armour
  8462 | D:8      | Killed a five-headed hydra
  8462 | D:8      | Reached *** piety under Okawaru
  8462 | D:8      | Reached skill level 5 in Evocations
  8997 | D:9      | Found Louxageo's General Store.
  9042 | D:9      | Noticed a komodo dragon
  9048 | D:9      | Found a staircase to the Lair.
  9074 | D:9      | Killed a komodo dragon
  9099 | Lair:1   | Entered Level 1 of the Lair of Beasts
  9102 | Lair:1   | Reached XP level 11. HP: 68/68 MP: 16/18
  9324 | Lair:1   | Reached skill level 10 in Short Blades
  9337 | Lair:1   | Reached **** piety under Okawaru
  9553 | Lair:1   | Reached skill level 5 in Spellcasting
  9603 | Lair:1   | Received a gift from Okawaru
  9837 | Lair:1   | HP: 3/69 [poisoned by a spiny frog]
  9843 | Lair:1   | HP: 2/69 [poisoned by a spiny frog]
  9851 | Lair:1   | HP: 2/69 [poisoned by a spiny frog]
 10521 | Lair:1   | You fall into a shaft and drop 1 floor!
 10550 | Lair:2   | Reached skill level 10 in Dodging
 10640 | Lair:2   | Slain by a yak

Levels and vault maps discovered:
D:1:      minmay_arrival_hallway, layout_loops_corners, serial_rivers,
          chequers_serial_rivers_small_a, chequers_serial_rivers_micro_e,
          chequers_serial_rivers_micro_a, chequers_serial_rivers_micro_b
D:2:      layout_basic, nicolae_overflow_hidden_temple, fiery_altar_vehumet,
          first_ration, serial_bayou_pond_a, uniq_terence
D:3:      layout_loops_ring, grunt_temple_overflow_opulence, tgw_fedhas,
          lemuel_statue_altar, uniq_jessica
D:4:      layout_layer_cave, serial_park_tiny_2, minmay_cut_off
D:5:      layout_loops_ring, zin_academy
D:6:      layout_loops_ring, elyvilon_altar_1, yredelemnul_altar_generic,
          serial_shops, nicolae_shop_waterfront, shop, shop, uniq_eustachio,
          uniq_sigmund
D:7:      layout_loops_ring, nicolae_ru_sacrificial_ziggurat,
          lemuel_coloured_pillars_altar, minmay_temple_entry_water_ring,
          grunt_livestock
D:8:      layout_cave_pods, overflow_temple_1_default, lemuel_crystal_altar
D:9:      layout_rooms, lemuel_doored_altar, david_lair_shrubbed, serial_shops,
          nicolae_shop_competitors_out_of_business, uniq_erica
Temple:   nicolae_temple_figure_zero
Lair:1:   layout_hall_layers, chequers_serial_rivers_micro_b, lemuel_fruit_tree
Lair:2:   layout_gridlike, st_stairs_10, chequers_serial_rivers_small_b

Skill      XL: |  1  2  3  4  5  6  7  8  9 10 11 |
---------------+----------------------------------+-----
Stealth        | 1 2 3 4 5 |  5.2
Dodging        | 4 5 6 7 9 10 | 10.0
Armour         | 1 2 3 4 5 6 |  6.3
Fighting       | 3 4 5 6 7 8 |  8.9
Spellcasting   | 1 2 3 4 5 |  5.0
Short Blades   | 5 6 7 8 9 10 | 10.8
Evocations     | 1 2 4 5 |  5.0
Throwing       | |  2.1
Invocations    | |  0.5

Action                   |  1- 3 |  4- 6 |  7- 9 | 10-12 || total
-------------------------+-------+-------+-------+-------++-------
Melee: Rapier            |    76 |   130 |   223 |   380 ||   809
       Dagger            |       |   111 |       |       ||   111
       Short sword       |       |    10 |    97 |       ||   107
Throw: Throwing net      |       |       |     4 |     4 ||     8
Invok: Heroism           |       |       |       |     3 ||     3
Evoke: Wand              |       |       |     4 |     3 ||     7
  Use: Scroll            |       |     7 |     8 |     3 ||    18
       Potion            |       |     1 |       |       ||     1
 Stab: Sleeping          |     3 |     5 |     5 |     7 ||    20
       Distracted        |       |       |       |     2 ||     2
       Held in net/web   |       |       |       |     3 ||     3
  Eat: Chunk             |     9 |     9 |    11 |    11 ||    40
Armor: Leather armour    |    14 |    37 |     5 |       ||    56
       Ring mail         |       |       |    34 |    61 ||    95
Dodge: Dodged            |    73 |   185 |   220 |   280 ||   758

Table legend:
 A = Non-vault XP
 B = Vault XP
 C = Vault XP percentage of total XP
 D = Non-vault monster count
 E = Vault monster count
 F = Vault count percentage of total count
                 A         B        C        D         E       F
            +---------+---------+-------+---------+---------+-------
      Total |   10502 |    1968 |  15.8 |     218 |      13 |   5.6
            +---------+---------+-------+---------+---------+-------
        D:1 |      65 |       0 |   0.0 |      28 |       0 |   0.0
        D:2 |     100 |      36 |  26.5 |      23 |       1 |   4.2
        D:3 |      83 |      37 |  30.8 |      25 |       1 |   3.8
        D:4 |     234 |     133 |  36.2 |      18 |       3 |  14.3
        D:5 |     884 |       0 |   0.0 |      29 |       0 |   0.0
        D:6 |     782 |     426 |  35.3 |      22 |       2 |   8.3
        D:7 |     445 |     986 |  68.9 |       7 |       5 |  41.7
        D:8 |    2903 |       0 |   0.0 |      33 |       0 |   0.0
        D:9 |     199 |     350 |  63.8 |       6 |       1 |  14.3
     Lair:1 |    3961 |       0 |   0.0 |      24 |       0 |   0.0
     Lair:2 |     846 |       0 |   0.0 |       3 |       0 |   0.0
            +---------+---------+-------+---------+---------+-------
